 Dungeon Crawl Stone Soup version 0.28.0-43-g3370ac3207 (webtiles) character file.

Game seed: 11141343423057971918

262 RascalDebosk the Shield-Bearer (level 5, -3/47 HPs)
             Began as a Minotaur Fighter on Mar 17, 2022.
             Slain by a lemure (4 damage)
             ... led by Pikel
             ... on level 4 of the Dungeon.
             The game lasted 00:25:16 (2869 turns).

RascalDebosk the Shield-Bearer (Minotaur Fighter)   Turns: 2869, Time: 00:25:17

Health: -3/47      AC: 13    Str: 25    XL:     5   Next: 97%
Magic:  4/4        EV:  4    Int:  5    God:
Gold:   111        SH: 12    Dex: 10    Spells: 4/4 levels left

rFire   + . .      SeeInvis .   v - +5 long sword of the Wilderness {vorpal, rN+ Str+3}
rCold   x . .      Faith    .   f - +0 tower shield
rNeg    + . .      Spirit   .   j - +0 chain mail
rPois   .          Reflect  .   (helmet restricted)
rElec   .          Harm     .   (no cloak)
rCorr   .          Rampage  .   b - +0 pair of gloves
Will    .....                   u - +1 pair of boots
Stlth   ..........              (no amulet)
HPRegen 0.15/turn               c - ring of fire
MPRegen 0.09/turn               (no ring)

@: mighty
A: horns 2, retaliatory headbutt
a: no special abilities


You were on level 4 of the Dungeon.
You visited 1 branch of the dungeon, and saw 4 of its levels.

You collected 111 gold pieces.

Inventory:

Hand Weapons
 a - a +0 trident
 v - the +5 long sword of the Wilderness (weapon) {vorpal, rN+ Str+3}
   (You found it on level 4 of the Dungeon)

   It inflicts extra damage upon your enemies.
   Str:       It affects your strength (+3).
   rN:        It protects you from negative energy.
Missiles
 e - 58 stones (quivered)
 p - 11 poisoned darts
 q - 4 silver boomerangs
Armour
 b - a +0 pair of gloves (worn)
 f - a +0 tower shield (worn)
 j - a +0 chain mail (worn)
 u - a +1 pair of boots (worn)
Magical Staves
 k - a staff of cold
 m - a staff of death
Jewellery
 c - a ring of fire (left hand)
Scrolls
 g - 2 scrolls of vulnerability {unknown}
 i - a scroll of noise {unknown}
 l - a scroll of amnesia {unknown}
 n - a scroll of enchant armour {unknown}
 s - a scroll of identify {unknown}
Potions
 h - a potion of mutation {unknown}
 o - 2 potions of heal wounds {unknown}
 r - a potion of invisibility {unknown}
 t - a potion of berserk rage {unknown}


   Skills:
 + Level 4.7 Fighting
 + Level 0.4 Long Blades
 + Level 3.9 Polearms
 + Level 2.3 Throwing
 + Level 4.8 Armour
 + Level 4.8 Shields


You had 4 spell levels left.
You didn't know any spells.
Your spell library contained the following spells:

 Spells                   Type           Power      Damage    Failure   Level
 Corpse Rot               Necr/Air       0%         N/A       100%        2
 Dispel Undead            Necr           0%         3d6       100%        4
 Death Channel            Necr           0%         N/A       100%        6


Dungeon Overview and Level Annotations

Branches:
Dungeon (4/15)
 Temple: D:4-7

Altars:

Annotations:
D:4 Pikel


Innate Abilities, Weirdness & Mutations

You have a pair of horns on your head.
You reflexively headbutt those who attack you in melee.


Message History

A lemure comes into view.
Pikel hits you with a +0 whip of freezing.
Pikel freezes you.
A lemure comes into view.
You feel very mighty all of a sudden. The kobold hits you but does no damage.
Pikel barely misses you.
You hit Pikel. You headbutt Pikel!
Pikel is heavily wounded.
You block the kobold's attack.
Pikel hits you with a +0 whip of freezing.
Pikel freezes you. The lemure barely misses you.
The kobold hits you but does no damage.
Pikel hits you with a +0 whip of freezing.
Pikel freezes you.
You closely miss Pikel.
Pikel is heavily wounded.
The lemure hits you but does no damage. You block the kobold's attack.
Pikel says, "You'll rust in Dis!"
Pikel hits you but does no damage. The kobold hits you but does no damage.
Pikel hits you with a +0 whip of freezing!
Pikel freezes you.
* * * LOW HITPOINT WARNING * * *
You slash Pikel! Your headbutt misses Pikel.
Pikel is severely wounded.
The lemure hits you.
* * * LOW HITPOINT WARNING * * *
You block the lemure's attack. You block the kobold's attack.
The lemure hits you but does no damage. Pikel hits you but does no damage.
The lemure hits you but does no damage. You block the lemure's attack.
The kobold hits you but does no damage.
You barely miss Pikel.
Pikel is severely wounded.
The lemure hits you but does no damage.
Pikel hits you with a +0 whip of freezing.
* * * LOW HITPOINT WARNING * * *
Pikel freezes you.
* * * LOW HITPOINT WARNING * * *
The lemure hits you but does no damage. x2; The kobold barely misses you.
You block Pikel's attack. The lemure hits you.
You die...

###### ..# ..
#....####..# ..
#...5@K5...# ....
#...55K...... ....
##......^....? #..
#........#.... #..
#........#..## #..
#.......##..##### #..
#.......##......#####..
#........#......'......
#...#....#......#####..


You could see Pikel, 4 lemures and a kobold.

Vanquished Creatures
  A phantom (D:4)
  A jelly (D:4)
  An orc wizard (D:3)
  5 adders (D:2)
  A worm (D:2)
  2 dart slugs
  4 orcs (D:3)
  8 ball pythons
  5 bats
  4 endoplasms
  3 giant cockroaches
  7 goblins
  5 hobgoblins
  5 quokkas
  4 frilled lizards
  8 kobolds
  A quokka skeleton (D:2)
  3 rats
68 creatures vanquished.

Notes
Turn   | Place    | Note
-------+----------+-------------------------------------------
     0 | D:1      | RascalDebosk the Minotaur Fighter began the quest for the
                  | Orb.
     0 | D:1      | Reached XP level 1. HP: 19/19 MP: 0/0
   223 | D:1      | Reached XP level 2. HP: 27/27 MP: 1/1
   567 | D:1      | Reached XP level 3. HP: 29/33 MP: 2/2
   620 | D:1      | Reached skill level 1 in Throwing
   920 | D:2      | Reached XP level 4. HP: 40/40 MP: 3/3
  1918 | D:3      | Reached XP level 5. HP: 16/47 MP: 4/4
  2765 | D:4      | Noticed a phantom
  2786 | D:4      | Killed a phantom
  2842 | D:4      | Identified the +5 long sword of the Wilderness {vorpal, rN+
                  | Str+3}
  2861 | D:4      | Noticed Pikel
  2862 | D:4      | Noticed a lemure
  2863 | D:4      | Noticed a lemure
  2864 | D:4      | Noticed a lemure
  2864 | D:4      | Noticed a lemure
  2869 | D:4      | HP: 2/47 [Pikel/+0 whip of freezing (6)]
  2869 | D:4      | Slain by a lemure

Illustrated notes

Levels and vault maps discovered:
D:1:      minmay_arrival_open_corners, layout_loops_cross
D:2:      minmay_inner_zag, layout_basic, serial_corexii_hall,
          corexii_hall_statues_x, chequers_hall_statues_y,
          chequers_hall_statues_corner_a, supply_closet_lemuel
D:3:      layout_basic
D:4:      layout_basic, grunt_ministairs_5, nzn_random_ring, uniq_edmund,
          uniq_pikel

Skill      XL: |  1  2  3  4  5 |
---------------+----------------+-----
Shields        | 4 |  4.8
Throwing       | 1 2 |  2.3
Fighting       | 4 |  4.7
Armour         | 4 |  4.8
Polearms       | 3 |  3.9
Long Blades    | |  0.4

Action                   |  1- 3 |  4- 6 || total
-------------------------+-------+-------++-------
Melee: Trident           |    99 |   111 ||   210
       Headbutt          |     2 |    13 ||    15
       Long sword        |       |    11 ||    11
Throw: Stone             |     5 |       ||     5
  Use: Potion            |       |     2 ||     2
Armor: Scale mail        |    26 |       ||    26
       Chain mail        |    16 |    84 ||   100
Dodge: Dodged            |    24 |    14 ||    38
Block: Buckler           |     7 |       ||     7
       Tower shield      |    40 |    93 ||   133
